Gokudera ElPsyCongroo, neutral male gnomish Healer ----------- |...<......# # |.........|### #--------------------------------- |..........# #|.)%%..%...%....................| |.........|# #|.----...)-----.----+-- ----- | |.........|# #|.|..|---.|...-.@@.| |.........|# #|.|.. |[|._.|.|(f| --|--------# #|}.+-- |.|.. |.---- ## # #|....| |.|.. |. # # #|.?}.-+--.--- |. # ### #+.}........+ -+- # # #|....-+--..| # ###|.-+-- |.- # #(%| |.+ ----|-- #|.| -.| |.....|############|.| .| |.....| |.- .- |.....| |. . ------- --- --- Gokudera ElPsyCongroo the Embalmer Experience level: 7 Strength: 8 Dexterity: 13 Constitution: 16 Intelligence: 9 Wisdom: 16 Charisma: 16 Health: 0(58) Energy: 46(46) Def: 2 Gold: 2430 Moves: 5139 Dungeon seed: nTd4yzy1mF83bTR5 Game ID: Gokudera ElPsyCongroo_1613257347 Your Inventory: Coins $ - 2430 gold pieces Weapons a - a blessed +0 scalpel (alternate weapon; not wielded) p - an uncursed +2 aklys (weapon in hand) t - a blessed +1 orcish dagger D - 7 uncursed +0 crossbow bolts H - a blessed +4 short sword named Sword of Torment M - an uncursed +0 sling S - 9 uncursed +0 darts (in quiver) Armor e - an uncursed +1 pair of leather gloves (being worn) C - a cursed -1 pair of water walking boots named cursed J - an uncursed +0 dwarvish iron helm L - an uncursed +0 pair of leather gloves Q - an uncursed +0 helmet Comestibles k - 6 blessed eucalyptus leaves l - 4 blessed sprigs of wolfsbane m - 3 blessed cloves of garlic o - 7 uncursed apples s - an uncursed food ration v - 2 uncursed melons w - an uncursed carrot x - an uncursed tin of newt meat W - an uncursed sprig of wolfsbane X - an uncursed box of chocolates Scrolls d - an uncursed scroll of consecration h - an uncursed scroll of fire y - an uncursed scroll of blank paper A - an uncursed scroll of enchant weapon B - a cursed scroll of enchant armor U - an uncursed scroll of light Potions c - an uncursed potion of healing f - a potion of unholy water u - an uncursed potion of hallucination Rings O - a cursed ring of cold resistance named cursed R - a cursed ring of teleportation named cursed Wands g - an uncursed wand of sleep (0:1) E - an uncursed wand of make invisible (0:8) G - an uncursed wand of polymorph (0:5) V - an uncursed wand of speed monster (0:4) Tools b - an uncursed stethoscope i - an uncursed mirror j - an uncursed tin whistle F - an uncursed +0 pick-axe I - an uncursed sack K - an uncursed pair of lenses (being worn) N - an uncursed lock pick P - an uncursed leash (in use) T - an uncursed brass lantern (0:1039) Gems n - an uncursed worthless piece of yellowish brown glass q - an uncursed worthless piece of blue glass r - an uncursed black opal z - an uncursed worthless piece of white glass Y - 2 uncursed worthless pieces of black glass Z - an uncursed worthless piece of yellow glass Contents of the sack: a blessed spellbook of extra healing a blessed spellbook of healing a blessed spellbook of stone to flesh Spells and supernatural/magical abilities: Name Level Category Fail Memory h - healing 1 healing 8% 91% x - extra healing 3 healing 28% 75% S - stone to flesh 3 healing 42% 75% W - pray for help -- divine ? -- Your skills at the end: Miscellaneous Skills wands [Basic] stealth [Skilled] Weapon Skills knife [Basic] club [Skilled] crossbow [Basic] dart [Basic] Spellcasting Skills healing spells [Basic] Final Attributes: You were devoutly aligned. You were poison resistant. Your writing hand was a little cramped from use. You had automatic searching. You had infravision. You were stealthy. You were unlucky. You are dead. Vanquished creatures: a large mimic 2 watchmen 2 giant beetles a leprechaun 2 water moccasins a soldier ant a rock mole a rock piercer a fog cloud a shrieker a gnome lord a kobold mummy a gray ooze 2 elf zombies a straw golem 2 floating eyes 2 dwarves a homunculus 3 iguanas 2 giant bats a dwarf zombie 11 killer bees 3 coyotes 4 geckos a hobgoblin a cave spider a brown mold a gnome 2 gnome zombies a jackal a kobold 5 newts 3 goblins 7 grid bugs a bat 7 lichens 2 kobold zombies 81 creatures vanquished. Genocided species: liches demiliches master liches arch-liches 4 species genocided. Voluntary challenges: You did not cause conflict. You were not invisible. You did not have reflection. You were not displaced. You were an atheist. You used a wielded weapon 141 times, starting on turn 2. You did not apply a unicorn horn. You did not use sinks. You read items or engraved 14 times, starting on turn 529. You genocided 4 types of monsters, starting on turn 3247. You never polymorphed an object. You never changed form. You used no wishes. You never split a pudding. You wrote Elbereth's name 3 times, starting on turn 2095. You violated your moral code, losing 3 points of alignment, starting on turn 4995. Dungeon overview: The Dungeons of Doom: levels 1 to 4 Level 1 a long staircase Level 2 a fountain Level 3 Level 4 a general store, a fountain stairs to The Gnomish Mines The Gnomish Mines: levels 5 to 7 Level 5 stairs to The Dungeons of Doom Level 6 Level 7 <- You were here a temple to Hermes, a magic chest History has recorded: On T:1 you entered the Dungeons of Doom to retrieve the Amulet of Yendor! On T:251 you reached level 2 of The Dungeons of Doom. On T:377 you advanced to experience level 2. On T:863 you reached level 3 of The Dungeons of Doom. On T:1534 you reached level 4 of The Dungeons of Doom. On T:1538 you advanced to experience level 3. On T:2321 you advanced to experience level 4. On T:2565 you reached level 1 of The Gnomish Mines. On T:3450 you reached level 2 of The Gnomish Mines. On T:3511 you advanced to experience level 5. On T:4510 you reached level 3 of The Gnomish Mines. On T:4628 you advanced to experience level 6. On T:4995 you advanced to experience level 7. On T:5089 you opened a magic chest. Score breakdown: Gold: 1352 ( 135 points) Experience: 7 levels ( 600 points) Exploration: 7 levels ( 180 points) Discoveries: 29 items ( 1450 points) Variety of kills: 37 monsters ( 1850 points) Major goal: (nothing yet) ( 0 points) Survival: died (score multiplied by 3) Total score: 12645 Latest messages: There are several objects here. You hear water falling on coins. You hit Chickenheart! Chickenheart is moderately wounded. Chickenheart swings his long sword at you. Chickenheart slashes you! Chickenheart swings his long sword at you. Chickenheart slashes you! Chickenheart swings his long sword at you. Chickenheart hacks you! Chickenheart swings his long sword at you. Chickenheart slashes you! The sleep ray misses Chickenheart. The sleep ray bounces! Chickenheart swings his long sword at you. Chickenheart slashes you! Chickenheart swings his long sword at you. Chickenheart hacks you! You die... Final status: Goodbye Gokudera ElPsyCongroo the Healer, killed by a watch captain called "Chickenheart"... You died in The Gnomish Mines on dungeon level 7 with 12645 points, and 2430 pieces of gold, after 5139 moves. You were level 7 with a maximum of 58 hit points when you died.